 Dungeon Crawl Stone Soup version 0.27.1-33-g824d729ab1 (webtiles) character file.

Game seed: 14666933112110440024

7756 Atelerd the Geomancer (level 11, -30/69 HPs)
             Began as an Octopode Earth Elementalist on Dec 22, 2021.
             Was a Believer of Sif Muna.
             Annihilated by an entropy weaver simulacrum (35 damage)
             ... in an ice cave.
             The game lasted 00:22:21 (12799 turns).

Atelerd the Geomancer (OpEE)                       Turns: 12799, Time: 00:22:21

Health: -30/69     AC:  1    Str:  7    XL:     11   Next: 20%
Magic:  17/21      EV: 18    Int: 26    God:    Sif Muna [**....]
Gold:   445        SH:  5    Dex: 14    Spells: 16/24 levels left

rFire    . . .     SeeInvis .   C - +3 short sword
rCold    . . .     Faith    .   o - +0 buckler
rNeg     . . .     Spirit   .   (helmet restricted)
rPois    +         Reflect  .   v - amulet of regeneration
rElec    .         Harm     .   y - +4 ring of evasion
rCorr    .         Rampage  .   E - +6 ring of intelligence
Will     .....                  j - ring of poison resistance
Stlth    ++++......             (no ring)
HPRegen  1.21/turn              (no ring)
MPRegen  0.17/turn              (no ring)
                                (no ring)
                                (no ring)

@: no status effects
A: almost no armour, amphibious, 8 rings, camouflage 1, gelatinous body 1,
(nimble swimmer 1), tentacles
a: Renounce Religion, Channel Magic


You were in an ice cave.
You worshipped Sif Muna.
Sif Muna was pleased with you.
You visited 3 branches of the dungeon, and saw 12 of its levels.
You also visited: Ice Cave.

You collected 445 gold pieces.

Inventory:

Hand Weapons
 b - the +8 whip "Snakebite" {venom, curare, rPois}
   (You found it on level 5 of the Dungeon)

   It poisons the flesh of those it strikes.
   It occasionally inflicts asphyxiating poison on those it strikes, dealing
   poison damage and causing slowness.
   rPois:     It protects you from poison.
 w - the +9 battleaxe "Umiux" {holy, rElec Str+5 Int-4 Stlth+}
   (You found it on level 5 of the Dungeon)

   It has been blessed by the Shining One to cause great damage to the undead
   and demons.
   Str:       It affects your strength (+5).
   Int:       It affects your intelligence (-4).
   rElec:     It insulates you from electricity.
   Stlth:     It makes you more stealthy.
 C - a +3 short sword (weapon)
Missiles
 x - 137 stones
Armour
 o - a +0 buckler (worn)
Jewellery
 j - a ring of poison resistance (on tentacle)
 v - an amulet of regeneration (around mantle)
 y - a +4 ring of evasion (left tentacle)
 E - a +6 ring of intelligence (right tentacle)
 I - an amulet of faith
Wands
 l - a wand of digging (2)
 q - a wand of acid (8)
 D - a wand of flame (31)
 J - a wand of polymorph (13)
Scrolls
 a - a scroll of silence {unknown}
 d - 3 scrolls of noise
 f - 2 scrolls of magic mapping
 g - 5 scrolls of teleportation
 h - 2 scrolls of immolation
 i - 2 scrolls of fog
 k - 2 scrolls of enchant weapon
 m - a scroll of vulnerability {unknown}
 r - a scroll of amnesia {unknown}
 A - 4 scrolls of enchant armour
 B - 2 scrolls of blinking {unknown}
 G - 2 scrolls of torment {unknown}
 H - a scroll of summoning {unknown}
Potions
 c - a potion of heal wounds {unknown}
 e - 2 potions of degeneration {unknown}
 n - 2 potions of brilliance {unknown}
 p - 5 potions of attraction {unknown}
 s - 2 potions of invisibility {unknown}
 t - a potion of mutation {unknown}
 u - 2 potions of berserk rage {unknown}
 z - 4 potions of curing {unknown}
 F - 2 potions of haste {unknown}
 K - a potion of ambrosia {unknown}


   Skills:
 - Level 4.0 Fighting
 - Level 2.0 Short Blades
 - Level 4.0 Dodging
 - Level 6.0 Stealth
 - Level 4.0 Shields
 + Level 7.0 Spellcasting
 - Level 2.0 Conjurations
 - Level 3.0 Transmutations
 - Level 12.0 Earth Magic
 * Level 4.0 Invocations


You had 16 spell levels left.
You knew the following spells:

 Your Spells              Type           Power      Damage    Failure   Level
a - Sandblast             Erth           100%       2d20      1%          1
b - Stone Arrow           Conj/Erth      90%        3d12      1%          3
p - Petrify               Tmut/Erth      48%        N/A       2%          4

Your spell library contained the following spells:

 Spells                   Type           Power      Damage    Failure   Level
 Passwall                 Tmut/Erth      40%        N/A       1%          2
 Ozocubu's Armour         Ice            9%         N/A       19%         3
 Tukima's Dance           Hex            9%         N/A       19%         3
 Passage of Golubria      Tloc           N/A        N/A       52%         4
 Yara's Violent Unravell  Hex/Tmut       8%         3d5       67%         5
 Metabolic Englaciation   Hex/Ice        4%         N/A       86%         5
 Simulacrum               Ice/Necr       4%         N/A       100%        6


Dungeon Overview and Level Annotations

Branches:
Dungeon (10/15)            Temple (1/1) D:6            Lair (1/6) D:9
    Orc (0/2) D:10          IceCv (1/1)

Altars:
Ashenzari
Cheibriados
Dithmenos
Elyvilon
Fedhas
Gozag
Hepliaklqana
Kikubaaqudgha
Nemelex Xobeh
Okawaru
Qazlal
Ru
Sif Muna
Trog
Uskayaw
Vehumet
Wu Jian
Xom
Zin
The Shining One

Shops:
D:7 :

Annotations:
D:2 exclusion: 2 downstairs
D:3 exclusion: upstairs
D:5 exclusion: 2 downstairs
D:6 3 runed translucent doors, MisterT's ghost, novice HOMo
D:9 exclusion: death knight
D:10 1 exclusion


Innate Abilities, Weirdness & Mutations

You cannot wear most types of armour.
You are amphibious.
You can wear up to eight rings at the same time.
Your skin changes colour to match your surroundings (Stealth+).
Your rubbery body absorbs attacks. (AC +1, EV +1)
((You are camouflaged near water. (Stealth+)))
You have tentacles for arms and can constrict up to eight enemies at once.


Message History

The polar bear simulacrum is moderately damaged.
The blast of sand hits the polar bear simulacrum but does no damage.
The polar bear simulacrum is moderately damaged.
The blast of sand hits the polar bear simulacrum!
The polar bear simulacrum vaporises!
Sif Muna accepts your kill.
Training target 12.0 for Earth Magic reached!
Your Earth Magic skill increases to level 12!
You need to enable at least one skill for training.
You start resting.
Magic restored.
There is an ice choked empty arch of ancient stone here.
Found 20 gold pieces and a shortbow.
There is an ice choked empty arch of ancient stone here.
You can't see any susceptible monsters within range! (Use Z to cast anyway.)
You can't see any susceptible monsters within range! (Use Z to cast anyway.)
You can't see any susceptible monsters within range! (Use Z to cast anyway.)
You can't see any susceptible monsters within range! (Use Z to cast anyway.)
You can't see any susceptible monsters within range! (Use Z to cast anyway.)
You can't see any susceptible monsters within range! (Use Z to cast anyway.)
You can't see any susceptible monsters within range! (Use Z to cast anyway.)
The blast of sand hits the elephant simulacrum!!
The elephant simulacrum vaporises!
Sif Muna accepts your kill.
The blast of sand misses the entropy weaver simulacrum.
The blast of sand hits the entropy weaver simulacrum.
The entropy weaver simulacrum is lightly damaged.
The blast of sand hits the entropy weaver simulacrum!!
The entropy weaver simulacrum is severely damaged.
The entropy weaver simulacrum hits you.
The entropy weaver simulacrum freezes you!
The entropy weaver simulacrum hits you.
The entropy weaver simulacrum freezes you!!
* * * LOW HITPOINT WARNING * * *
The entropy weaver simulacrum completely misses you.
The entropy weaver simulacrum hits you!
* * * LOW HITPOINT WARNING * * *
The entropy weaver simulacrum freezes you!!
Ouch! That really hurt!
You die...

#######
#.....## )
#......## ....
#.......#...Z.
#.∩..∩○.......
#.......#.Z...
#..@Z..## ...
#.....## $
#.##### #.#
#.# #.# #.#
#.# #.#


You could see an entropy weaver simulacrum.

Vanquished Creatures
  A hydra (Lair:1)
  An ugly thing (D:7)
  Joseph (D:8)
  An elephant (D:9)
  Maggie (D:7)
  2 rime drakes (Lair:1)
  2 trolls
  3 hornets
  Grinder (D:3)
  Sigmund (D:5)
  A wyvern (D:9)
  2 basilisks (D:9)
  A death yak simulacrum (IceCv)
  Edmund (D:5)
  An acid dragon (D:9)
  2 water moccasins
  Duvessa (D:5)
  2 orc warriors
  An ice beast (D:5)
  2 hornet zombies
  A sky beast (D:7)
  A black bear (D:5)
  4 centaurs (D:9)
  A kobold brigand (D:7)
  2 bullfrogs
  2 scorpions
  A water moccasin skeleton (D:6)
  Dowan (D:5)
  4 howler monkeys
  3 wights (D:8)
  An elephant simulacrum (IceCv)
  2 electric eels (D:6)
  2 bullfrog zombies
  A centaur zombie (D:9)
  5 orc priests
  2 jellies
  A gnoll shaman (D:5)
  A centaur skeleton (D:7)
  4 hounds
  3 orc wizards
  Terence (D:3)
  An iguana (D:7)
  Ijyb (D:3)
  A polar bear simulacrum (IceCv)
  2 killer bee zombies
  A wolf simulacrum (IceCv)
  A hound zombie (D:5)
  A hound skeleton (D:5)
  A howler monkey zombie (D:6)
  10 adders
  4 gnolls
  2 white imps
  An ufetubus (D:4)
  An adder zombie (D:5)
  An adder skeleton (D:4)
  A worm (D:2)
  A dart slug (D:5)
  20 orcs
  9 ball pythons
  3 bats
  6 endoplasms
  2 giant cockroaches
  8 goblins
  2 hobgoblins
  4 jackals
  3 quokkas
  2 frilled lizards (D:2)
  16 kobolds
  4 rats
180 creatures vanquished.

Vanquished Creatures (others)
  An orc (D:6)
  3 fungi (D:3)
  10 plants
14 creatures vanquished.

Grand Total: 194 creatures vanquished

Notes
Turn   | Place    | Note
-------+----------+-------------------------------------------
     0 | D:1      | Atelerd the Octopode Earth Elementalist began the quest for
                  | the Orb.
     0 | D:1      | Reached XP level 1. HP: 11/11 MP: 3/3
   272 | D:1      | Reached XP level 2. HP: 15/17 MP: 1/5
   858 | D:2      | Found a shimmering altar of Xom.
   993 | D:2      | Reached XP level 3. HP: 21/21 MP: 6/6
  2012 | D:3      | Reached XP level 4. HP: 14/27 MP: 5/8
  2202 | D:3      | Found a radiant altar of Vehumet.
  2233 | D:3      | Noticed Terence
  2671 | D:3      | Found a faded altar of an unknown god.
  2861 | D:3      | Noticed a scorpion
  2867 | D:3      | Killed a scorpion
  2868 | D:3      | Reached skill level 4 in Earth Magic
  2868 | D:3      | Reached XP level 5. HP: 18/31 MP: 4/9
  3139 | D:3      | Learned a level 4 spell: Petrify
  3280 | D:3      | Noticed Ijyb
  3294 | D:3      | Killed Ijyb
  3708 | D:3      | Found a glowing silver altar of Zin.
  3717 | D:3      | Noticed Grinder
  3867 | D:4      | Found a white marble altar of Elyvilon.
  3964 | D:4      | Found a snail-covered altar of Cheibriados.
  3989 | D:4      | Reached skill level 1 in Shields
  3989 | D:4      | Reached XP level 6. HP: 36/36 MP: 3/11
  4771 | D:5      | Entered Level 5 of the Dungeon
  5221 | D:5      | Learned a level 3 spell: Stone Arrow
  5277 | D:5      | Reached skill level 5 in Earth Magic
  5277 | D:5      | Reached XP level 7. HP: 39/41 MP: 3/13
  5322 | D:5      | Found the +8 whip "Snakebite" {venom, curare, rPois}
  5396 | D:5      | Identified the +9 battleaxe "Umiux" {holy, rElec Str+5
                  | Int-4 Stlth+}
  5399 | D:5      | Noticed Duvessa
  5825 | D:5      | Reached XP level 8. HP: 44/46 MP: 15/15
  6222 | D:5      | Reached skill level 5 in Spellcasting
  6310 | D:6      | Reached skill level 6 in Earth Magic
  6580 | D:6      | Found a runed translucent gate.
  6581 | D:6      | Found a runed translucent gate.
  6581 | D:6      | Found a runed translucent gate.
  6584 | D:6      | Noticed a boulder beetle
  6601 | D:6      | Found a staircase to the Ecumenical Temple.
  6616 | Temple   | Entered the Ecumenical Temple
  6731 | Temple   | Became a worshipper of Sif Muna the Loreminder
  6915 | D:6      | Reached skill level 1 in Fighting
  7243 | D:6      | Noticed MisterT's ghost (novice HOMo)
  7280 | D:6      | Reached skill level 7 in Earth Magic
  7456 | D:7      | Found Efiexum's Book Emporium.
  7651 | D:7      | Reached XP level 9. HP: 58/58 MP: 13/16
  7785 | D:7      | Noticed a green ugly thing
  7804 | D:7      | Killed a green ugly thing
  7805 | D:7      | Reached skill level 1 in Short Blades
  7805 | D:7      | Reached skill level 1 in Conjurations
  7933 | D:7      | Noticed Maggie
  7977 | D:7      | Killed Maggie
  7978 | D:7      | Reached skill level 5 in Stealth
  7978 | D:7      | Reached skill level 1 in Invocations
  9131 | D:8      | Reached * piety under Sif Muna
  9276 | D:8      | Noticed Joseph
  9296 | D:8      | Killed Joseph
  9527 | D:8      | Noticed a troll
  9543 | D:8      | Killed a troll
  9887 | D:3      | Found a shadowy altar of Dithmenos.
  9955 | D:3      | Killed Grinder
  9956 | D:3      | Reached skill level 8 in Earth Magic
  9956 | D:3      | Reached XP level 10. HP: 54/63 MP: 1/19
 10082 | D:3      | Killed Terence
 10524 | D:5      | Noticed Dowan
 10536 | D:5      | Killed Dowan
 10546 | D:5      | Noticed Edmund
 10575 | D:5      | Noticed Sigmund
 10576 | D:5      | Killed Edmund
 10582 | D:5      | Killed Duvessa
 10586 | D:5      | Killed Sigmund
 10853 | D:9      | Noticed an elephant
 10854 | D:9      | Found a staircase to the Lair.
 10907 | D:9      | Killed an elephant
 10908 | D:9      | Reached skill level 9 in Earth Magic
 11408 | D:9      | Found a sparkling altar of Nemelex Xobeh.
 11576 | D:9      | Reached skill level 10 in Earth Magic
 11859 | D:9      | Noticed a death knight
 12041 | D:10     | Entered Level 10 of the Dungeon
 12322 | D:10     | Found a staircase to the Orcish Mines.
 12333 | D:10     | Reached ** piety under Sif Muna
 12371 | D:10     | Reached skill level 11 in Earth Magic
 12540 | Lair:1   | Entered Level 1 of the Lair of Beasts
 12562 | Lair:1   | Noticed a five-headed hydra
 12591 | Lair:1   | Killed a five-headed hydra
 12592 | Lair:1   | Reached XP level 11. HP: 69/69 MP: 16/21
 12632 | Lair:1   | Found a frozen archway.
 12694 | IceCv    | Entered an ice cave
 12771 | IceCv    | Reached skill level 12 in Earth Magic
 12799 | IceCv    | Annihilated by an entropy weaver simulacrum

Illustrated notes

Levels and vault maps discovered:
D:1:      scummos_arrival_simple_crosswalls, layout_rooms,
          minmay_misc_feat_nine_boxes
D:2:      layout_rooms, basic_altar, hangedman_decor_growths, st_stairs_8
D:3:      layout_loops_cross, nicolae_dithmenos_shadow_blocks,
          mainiacjoe_overflow_big_doors, dreamdust_ecumenical_altar_grove,
          kennysheep_generic_room_3, uniq_terence, uniq_grinder, uniq_ijyb
D:4:      layout_loops_corners, mainiacjoe_overflow_concentric_impassable,
          lemuel_tele_altar
D:5:      layout_loops_ring, amethyst_killhole, grunt_ministairs_9,
          sigmund_edmund_badplayer, uniq_duvessa
D:6:      layout_rooms, minmay_temple_entry_waves, serial_bayou,
          serial_bayou_lagoon_b, serial_bayou_crossing, serial_bayou_ford_a,
          serial_bayou_pond_c, gammafunk_ghost_split
D:7:      layout_layer_cave, serial_shops, nicolae_shop_trees, uniq_maggie
D:8:      layout_basic, kennysheep_another_room, hangedman_decor_slide_cut,
          palyth_stone_intersect, minmay_misc_feat_square, uniq_joseph
D:9:      layout_loops_ring, nemelex_diamond_rough_becter, david_lair_generic,
          kennysheep_generic_room_2
D:10:     layout_roguey, david_orc_2
Temple:   nicolae_temple_elliptical
Lair:1:   layout_regular_city, serial_forest, infiniplex_forest_lined_ring,
          infiniplex_forest_clump_large, infiniplex_forest_pool,
          infiniplex_forest_lined_room_2, infiniplex_forest_straight_3,
          infiniplex_forest_lined_2, infiniplex_forest_clump_large,
          infiniplex_forest_diagonal, portal_ice_cave_rime
IceCv:    ice_cave_statue_garden_chambered

Skill      XL: |  1  2  3  4  5  6  7  8  9 10 11 |
---------------+----------------------------------+-----
Transmutations | 2 3 |  3.0
Spellcasting   | 3 4 5 6 7 |  7.0
Earth Magic    | 4 5 7 8 11 12 | 12.0
Shields        | 1 2 3 4 |  4.0
Fighting       | 4 |  4.0
Dodging        | 4 |  4.0
Short Blades   | 2 |  2.0
Stealth        | 6 |  6.0
Conjurations   | 2 |  2.0
Invocations    | 4 |  4.0

Action                   |  1- 3 |  4- 6 |  7- 9 | 10-12 || total
-------------------------+-------+-------+-------+-------++-------
Melee: Unarmed           |     8 |       |       |       ||     8
       Constrict         |    15 |    10 |    27 |    14 ||    66
       Tentacles         |     6 |     9 |    33 |    28 ||    76
       Dagger            |    38 |    54 |    13 |       ||   105
       Whip              |       |       |    92 |    90 ||   182
       Battleaxe         |       |       |     6 |       ||     6
       Short sword       |       |       |    28 |    13 ||    41
 Cast: Sandblast         |    35 |    59 |    21 |    59 ||   174
       Stone Arrow       |       |     2 |    23 |       ||    25
       Petrify           |       |       |    19 |    25 ||    44
Invok: Channel Magic     |       |       |       |     1 ||     1
Evoke: Wand              |       |       |     5 |     6 ||    11
  Use: Scroll            |       |       |       |     8 ||     8
 Stab: Sleeping          |     4 |     2 |     5 |     4 ||    15
       Petrified         |       |       |    46 |    46 ||    92
       Petrifying        |       |       |     1 |     1 ||     2
Armor: Skin              |       |     3 |     2 |     5 ||    10
Dodge: Dodged            |    49 |    56 |    73 |    80 ||   258
Block: Buckler           |       |       |    15 |    18 ||    33
